AoeStats
← FellRabbit9

Arabia

510460599Analyzed
2v2 RM · 1d ago on Oct 1, 2026· 25m 37s· 4 players
Game mode
Random Map
Map size
Medium (4 player)
Population
200
Speed
Normal
Resources
Standard
Victory
Conquest
Starting age
Dark Age
Ending age
Imperial Age
RankedLock teamsTeams togetherTeam positionsShared explorationLock speedFull tech treeHidden civsTurbo modeCheats
Victory
Defeat
🇺🇸 Persians · United States
1180
+15
🇭🇰 Chinese · Hong Kong SAR China
1180
+16
🇲🇽 Mongols · Mexico
1189
-16
🇲🇽 Ethiopians · Mexico
1151
-15
HimGor3209
5:57 Loom
9:17 Feudal Age
9:50 Double-Bit Axe
16:22 Wheelbarrow
15:58 Fletching
20:41 Castle Age
19:13 Padded Archer Armor
21:46 Bodkin Arrow
22:10 Bloodlines
22:00 Husbandry
21:23 Light Cavalry
22:14 Bloodlines
22:31 Bow Saw
23:36 Scale Barding Armor
23:54 Gold Mining
25:02 Chain Barding Armor
25:38 Stone Mining
25:48 Horse Collar
FellRabbit9
0:27 Loom
9:15 Feudal Age
10:24 Double-Bit Axe
10:25 Man-at-Arms
16:01 Scale Mail Armor
18:41 Wheelbarrow
21:15 Castle Age
20:37 Forging
20:20 Gold Mining
20:11 Horse Collar
23:50 Scale Barding Armor
24:02 Chain Mail Armor
24:22 Iron Casting
25:32 Hand Cart
25:02 Town Watch
25:09 Arson
25:05 Long Swordsman
piernas7
UnMazdaRojo
9:46 Feudal Age
10:00 Loom
Connection lost

Rejoining the realm…

Still unreachable

The connection could not be restored.

Session expired

The server has moved on; the page needs a fresh start.